 Dungeon Crawl Stone Soup version 0.31-a0-1469-gd420192249 (webtiles) character file.

Game seed: 11901825895297362959

74 IdlyInterested the Trooper (level 4, -6/37 HPs)
             Began as a Demonspawn Fighter on Dec 28, 2023.
             Mangled by a gnoll
             ... wielding a +2 halberd of pain
              (10 damage)
             ... on level 3 of the Dungeon.
             The game lasted 00:04:26 (1729 turns).

IdlyInterested the Trooper (Demonspawn Fighter)     Turns: 1729, Time: 00:04:26

Health: -6/37      AC:  6    Str: 25    XL:     4   Next: 9%
Magic:  4/4        EV: 10    Int:  6    God:
Gold:   69         SH:  4    Dex: 12    Spells: 3/3 levels left

rFire   . .          .
                       - Unarmed
rCold   . . .        b - +0 buckler
rNeg    . . .        a - +0 scale mail
rPois   .            (no helmet)
rElec   .            (no cloak)
rCorr   .            (no gloves)
SInv    .            (no boots)
Will    .....        (no amulet)
Stlth   +            (no ring)
HPRegen 0.26/turn    (no ring)
MPRegen 0.09/turn

%: random rage (3%)
@: no status effects
A: demonic guardian 1, sturdy frame 1, berserk 1, strong 2
a: no special abilities


You were on level 3 of the Dungeon.
You visited 1 branch of the dungeon, and saw 3 of its levels.

You collected 69 gold pieces.

Inventory:

Hand Weapons
 e - a +0 mace
 f - a +0 short sword
 i - a +2 long sword of holy wrath
 o - a +0 hand axe
 r - a +0 spear
Missiles
 g - 19 stones (quivered)
 l - 3 boomerangs
 s - 5 atropa-tipped darts
Armour
 a - a +0 scale mail (worn)
 b - a +0 buckler (worn)
 q - an orb of light
Scrolls
 d - a scroll of enchant weapon
 j - a scroll of amnesia
 k - a scroll of noise
 m - a scroll of blinking {unknown}
 t - a scroll of teleportation {unknown}
Potions
 c - a potion of might
 n - a potion of degeneration {unknown}
 p - a potion of curing {unknown}


   Skills:
 + Level 3.9 Fighting
 - Level 1.0 Throwing
 - Level 3.0 Armour
 - Level 1.0 Dodging
 - Level 1.0 Stealth
 - Level 2.6 Shields
 - Level 1.7 Unarmed Combat
 - Level 1.0 Evocations


You had 3 spell levels left.
You didn't know any spells.
Your spell library was empty.

Dungeon Overview and Level Annotations

Branches:
Dungeon (3/15)

Altars:


Innate Abilities, Weirdness & Mutations

A weak demonic guardian rushes to your aid.
Your movements are slightly less encumbered by armour. (ER -2)
You sometimes lose your temper in combat.
Your muscles are very strong. (Str +8, Int/Dex -2)


Message History

The gnoll is heavily wounded.
The gnoll barely misses you.
You hit the gnoll.
The gnoll is severely wounded.
The gnoll completely misses you.
You hit the gnoll.
You kill the gnoll!
Training target 1.0 for Evocations reached!
Your Evocations skill increases to level 1!
You have reached level 4!
You feel stronger.
Your demonic ancestry asserts itself...
You feel the presence of a demonic guardian.
You closely miss the orc. The orc hits you with a +0 flail.
A demonic guardian appears!
The gnoll hits you from afar with a +2 halberd of pain!
You writhe in agony.
You hit the orc.
The orc is moderately wounded.
You block the gnoll's attack. You block the orc's attack.
You hit the orc.
The orc is heavily wounded.
The gnoll hits you from afar with a +2 halberd of pain!
* * * LOW HITPOINT WARNING * * *
You block the orc's attack.
You swap places.
Your quasit bites the orc but does no damage.
Your quasit misses the orc.
Your quasit claws the orc but does no damage.
The orc completely misses your quasit.
There is an open door, spattered with blood here.
Your quasit bites the orc.
Your quasit claws the orc but does no damage.
Your quasit closely misses the orc.
Your quasit bites the orc.
The orc dies!
It was a potion of mutation.
You feel extremely strange.
You feel stronger.
You feel a little pissed off.
You feel stronger.
Your quasit bites the gnoll.
Your quasit closely misses the gnoll.
Your quasit completely misses the gnoll.
The gnoll hits you from afar with a +2 halberd of pain!
You die... #.### <#.## ..... ... og.

#g# #g# #.# #5# #.#
##@## #.# ##)..## #.#
##.....## ####.#
#.......## ##.##.###
#.........####...#...#
+.........'........#..
#.........####...#...#
##.......## ##.###.##
##.....## ### #.#


You could see 3 gnolls, an orc and a friendly quasit (summoned).

Vanquished Creatures
  A gnoll (D:3)
  2 adders
  A dart slug (D:1)
  3 orcs (D:3)
  6 ball pythons
  5 endoplasms
  A giant cockroach (D:3)
  A goblin (D:2)
  6 hobgoblins
  4 kobolds
  2 bats (D:2)
  4 rats
36 creatures vanquished.

Vanquished Creatures (collateral kills)
  An orc (D:3)
1 creature vanquished.

Grand Total: 37 creatures vanquished

Notes
Turn   | Place    | Note
-------+----------+-------------------------------------------
     0 | D:1      | IdlyInterested the Demonspawn Fighter began the quest for
                  | the Orb.
     0 | D:1      | Reached XP level 1. HP: 18/18 MP: 1/1
   227 | D:1      | Gained mutation: Your movements are slightly less
                  | encumbered by armour. (ER -2) [demonic ancestry]
   227 | D:1      | Reached XP level 2. HP: 21/24 MP: 2/2
   655 | D:2      | Reached skill level 1 in Throwing
  1012 | D:2      | Reached skill level 1 in Dodging
  1012 | D:2      | Reached XP level 3. HP: 23/29 MP: 3/3
  1528 | D:3      | Reached skill level 1 in Stealth
  1724 | D:3      | Reached skill level 1 in Evocations
  1724 | D:3      | Gained mutation: A weak demonic guardian rushes to your
                  | aid. [demonic ancestry]
  1724 | D:3      | Reached XP level 4. HP: 27/37 MP: 4/4
  1729 | D:3      | Gained mutation: Your muscles are strong. (Str +4, Int/Dex
                  | -1) [potion of mutation]
  1729 | D:3      | Gained mutation: You sometimes lose your temper in combat.
                  | [potion of mutation]
  1729 | D:3      | Gained mutation: Your muscles are very strong. (Str +8,
                  | Int/Dex -2) [potion of mutation]
  1729 | D:3      | Mangled by a gnoll

Illustrated notes

Levels and vault maps discovered:
D:1:      roderic_chinese_lattice_arrival, layout_rooms
D:2:      layout_basic
D:3:      layout_loops_corners, nrook_campfire, small_statue_intersection

Skill      XL: |  1  2  3 |
---------------+----------+-----
Armour         | 3 |  3.0
Throwing       | 1 |  1.0
Dodging        | 1 |  1.0
Stealth        | 1 |  1.0
Evocations     | 1 |  1.0
Fighting       | |  3.9
Shields        | |  2.6
Unarmed Combat | |  1.7

Action                     |  1- 3 |  4- 6 || total
---------------------------+-------+-------++-------
  Melee: Unarmed           |   173 |     3 ||   176
    Use: Scroll            |     3 |       ||     3
         Potion            |       |     1 ||     1
 Armour: Scale mail        |    94 |     4 ||    98
  Dodge: Dodged            |    83 |       ||    83
  Block: Buckler           |    30 |     3 ||    33

Table legend: (Time is in decaauts)
 A = Elapsed time spent in this place.
 B = Non-inter-level travel time spent in this place.
 C = Inter-level travel time spent in this place.
 D = Time resting spent in this place.
 E = Time spent auto-exploring this place.
 F = Levels seen in this place.
 G = Mean time per level.
                   A        B        C        D        E       F      G
               +--------+--------+--------+--------+--------+-----+--------+
         Total |   1729 |   1669 |     60 |    152 |   1135 |   3 |  576.3 |
       Dungeon |   1729 |   1669 |     60 |    152 |   1135 |   3 |  576.3 |
               +--------+--------+--------+--------+--------+-----+--------+

Top non-repeatable levels by time:
     D:2: 913 daAuts
     D:1: 493 daAuts
     D:3: 322 daAuts
